 Dungeon Crawl Stone Soup version 0.30-a0-1066-g63dfefce0d (webtiles) character file.

Game seed: 14846777052432477419

290 bande the Chopper (level 6, 0/38 HPs)
             Began as a Gargoyle Fighter on Apr 12, 2023.
             Was an Initiate of Okawaru.
             Splashed by a jelly's acid (8 damage)
             ... on level 5 of the Dungeon.
             The game lasted 00:07:18 (3888 turns).

bande the Chopper (Gargoyle Fighter)                Turns: 3888, Time: 00:07:18

Health: 0/38       AC:  8    Str: 23    XL:     6   Next: 32%
Magic:  6/6        EV: 10    Int:  6    God:    Okawaru [......]
Gold:   191        SH:  5    Dex: 15    Spells: 5/5 levels left

rFire   . . .      SeeInvis .    a - +0 war axe
rCold   . . .      Faith    .    c - +0 buckler
rNeg    + + .      Spirit   .    r - +2 ring mail of the Planets {Rampage Str+4 Int-3 Dex+4}
rPois   ∞          Reflect  .    (no helmet)
rElec   +          Rampage  +    (no cloak)
rCorr   .                        (no gloves)
Will    .....                    (no boots)
Stlth   +                        (no amulet)
HPRegen 0.26/turn                h - ring of positive energy
MPRegen 0.10/turn                (no ring)

@: corroded, very slow
A: sickness immunity, AC +4, negative energy resistance 1, electricity
resistance, torment resistance 1, petrification resistance
a: Renounce Religion


You were on level 5 of the Dungeon.
You worshipped Okawaru.
Okawaru was noncommittal.
You visited 2 branches of the dungeon, and saw 6 of its levels.

You collected 191 gold pieces.

Inventory:

Hand Weapons
 a - a +0 war axe (weapon)
 s - a +0 falchion of flaming
Armour
 c - a +0 buckler (worn)
 r - the +2 ring mail of the Planets (worn) {Rampage Str+4 Int-3 Dex+4}
   (You found it on level 3 of the Dungeon)

   Str:       It affects your strength (+4).
   Int:       It affects your intelligence (-3).
   Dex:       It affects your dexterity (+4).
   Rampage:   It bestows one free step when moving towards enemies.
 x - a +0 chain mail
Jewellery
 h - a ring of positive energy (left hand)
Wands
 v - a wand of charming (5)
Scrolls
 b - a scroll of silence {unknown}
 e - a scroll of acquirement {unknown}
 f - 2 scrolls of blinking {unknown}
 g - a scroll of noise {unknown}
 i - 2 scrolls of fog {unknown}
 j - a scroll of enchant armour {unknown}
 k - 3 scrolls of vulnerability {unknown}
 l - a scroll of teleportation {unknown}
 m - 2 scrolls of identify {unknown}
 n - 2 scrolls of enchant weapon {unknown}
 p - 2 scrolls of poison {unknown}
 u - 2 scrolls of immolation {unknown}
Potions
 d - 2 potions of might
 o - 4 potions of lignification {unknown}
 q - a potion of degeneration {unknown}
 t - 2 potions of curing {unknown}
 w - a potion of cancellation {unknown}


   Skills:
 + Level 4.0 Fighting
 + Level 4.2 Axes
 + Level 4.2 Armour
 - Level 0.4 Stealth
 + Level 3.8 Shields
 * Level 1.3 Invocations
 * Level 1.1 Evocations


You had 5 spell levels left.
You didn't know any spells.
Your spell library contained the following spells:

 Spells                   Type           Power      Damage    Failure   Level
 Necrotise                Necr           0%         1d4       69%         1
 Dazzling Flash           Conj/Hex       0%         N/A       96%         3
 Frozen Ramparts          Ice            0%         1d1       96%         3
 Vampiric Draining        Necr           0%         2d6       96%         3
 Ice Form                 Ice/Tmut       0%         N/A       100%        4
 Agony                    Necr           0%         N/A       100%        5
 Silence                  Hex/Air        0%         N/A       100%        5
 Summon Ice Beast         Ice/Summ       Unusable   N/A       N/A         4

Dungeon Overview and Level Annotations

Branches:
Dungeon (5/15)             Temple (1/1) D:4

Altars:
Cheibriados
Fedhas
Hepliaklqana
Kikubaaqudgha
Nemelex Xobeh
Okawaru
Uskayaw

Shops:
D:1 =

Annotations:
D:4 2 transporters, BlueFalcon's ghost, amateur NaVM


Innate Abilities, Weirdness & Mutations

You are immune to sickness and miasma.
Your stone body is resilient. (AC +4)
You are immune to poison.
You resist negative energy. (rN+)
You are resistant to electric shocks. (rElec)
You are resistant to unholy torment.
You are immune to petrification.


Message History

You hit the jelly but do no damage.
Your hands burn!
The hound bites you but does no damage. The jelly barely misses you.
The hound closely misses you.
Your unstable footing causes you to fumble your attack.
The hound splashes around in the water.
The jelly hits you but does no damage. You block the hound's attack.
You closely miss the hound.
The hound is moderately wounded.
You barely miss the jelly. The jelly hits you but does no damage.
The hound splashes around in the water.
The jelly hits you. The acid corrodes you!
You are splashed with acid!
The hound splashes around in the water.
You barely miss the hound.
The hound is moderately wounded.
You slash the jelly!
Your hands burn!
The hound bites you. The jelly hits you.
You are splashed with acid!
* * * LOW HITPOINT WARNING * * *
The hound closely misses you.
You are too injured to fight recklessly!
You are too injured to fight recklessly!
You are too injured to fight recklessly!
You are too injured to fight recklessly!
You are too injured to fight recklessly!
You are too injured to fight recklessly!
You are too injured to fight recklessly!
You are too injured to fight recklessly!
You are too injured to fight recklessly!
Cleave: a) +0 war axe
Press: ? - help, Dir - move target Your weapon can't reach that far!
Okay, then.
You hit the hound.
The hound is moderately wounded.
You barely miss the jelly.
The hound splashes around in the water.
You block the jelly's attack.
The hound splashes around in the water.
Your unstable footing causes you to fumble your attack.
The jelly misses you. You block the hound's attack. The jelly hits you.
* * * LOW HITPOINT WARNING * * *
You are splashed with acid!
You die...

.~# .~# .~# .~#
########~~
#......~~ ##
......Jh##~#
#......@#~~#
#######~~~~#
#...~# #.##~##
#.##~~# #..~~##+##
##.~##~~~#
#.~#~~.~~
##########.~~~...~


You could see a hound and a jelly.

Vanquished Creatures
  2 scorpions (D:4)
  A hound (D:4)
  A sleepcap (D:4)
  An ufetubus (D:4)
  2 worms
  4 dart slugs
  4 orcs
  9 endoplasms
  4 giant cockroaches
  10 goblins
  11 hobgoblins
  15 jackals
  6 kobolds
  A quokka (D:1)
  7 ball pythons
  3 bats
  4 frilled lizards (D:1)
  5 rats
  A spectral hobgoblin (D:3)
91 creatures vanquished.

Notes
Turn   | Place    | Note
-------+----------+-------------------------------------------
     0 | D:1      | bande the Gargoyle Fighter began the quest for the Orb.
     0 | D:1      | Reached XP level 1. HP: 14/14 MP: 1/1
    55 | D:1      | Reached XP level 2. HP: 18/19 MP: 2/2
   149 | D:1      | Found Wicluk's One-of-a-Kind Rings.
   276 | D:1      | Reached XP level 3. HP: 15/23 MP: 3/3
   893 | D:2      | Found a faded altar of an unknown god.
  1504 | D:2      | Reached XP level 4. HP: 28/28 MP: 4/4
  1800 | D:3      | Identified the +2 ring mail of the Planets {Rampage Str+4
                  | Int-3 Dex+4}
  2160 | D:3      | Found a hazy altar of Hepliaklqana.
  2450 | D:4      | Reached XP level 5. HP: 27/33 MP: 5/5
  2554 | D:4      | Found a staircase to the Ecumenical Temple.
  2580 | Temple   | Entered the Ecumenical Temple
  2599 | Temple   | Became a worshipper of Warmaster Okawaru
  2622 | D:4      | Found a hide-covered altar of Uskayaw.
  2904 | D:4      | Noticed BlueFalcon's ghost (amateur NaVM)
  2905 | D:4      | Found a transporter.
  2905 | D:4      | Noticed an ogre
  2906 | D:4      | Identified the +9 great mace "Odoent" {flame, Int+5}
  2906 | D:4      | Noticed an ogre
  3393 | D:4      | Found a sparkling altar of Nemelex Xobeh.
  3401 | D:4      | Reached skill level 1 in Invocations
  3401 | D:4      | Reached skill level 1 in Evocations
  3401 | D:4      | Reached XP level 6. HP: 33/38 MP: 6/6
  3623 | D:4      | Found a transporter.
  3858 | D:5      | Entered Level 5 of the Dungeon
  3888 | D:5      | Splashed by a jelly's acid

Illustrated notes

Levels and vault maps discovered:
D:1:      kennysheep_arrival_forest, layout_loops_cross,
          nicolae_shop_unique_rings
D:2:      layout_loops_ring, hellmonk_ecumenical_altar_pennies_from_heaven,
          minmay_split_cup_large
D:3:      layout_loops_ring, nicolae_hepliaklqana_monster_ancestors
D:4:      layout_layer_cave, mainiacjoe_overflow_six_doors_small,
          nicolae_uskayaw_murder_on_the_dancefloor, minmay_temple_entry_hall,
          gammafunk_ghost_smash
D:5:      layout_loops_cross, marbit_many_paths, grunt_ashenzari_visionary
          [grunt_ashenzari_visionary_shoals, grunt_ashenzari_visionary_spider],
          grunt_decor_one_mirror, chequers_garden, minmay_manual_mullet,
          uniq_edmund
Temple:   regret_index_temple_sphere_string

Skill      XL: |  1  2  3  4  5 |
---------------+----------------+-----
Axes           | 2 3 4 |  4.2
Armour         | 4 |  4.2
Fighting       | 4 |  4.0
Invocations    | 1 |  1.3
Evocations     | 1 |  1.1
Stealth        | |  0.4
Shields        | |  3.8

Action                     |  1- 3 |  4- 6 || total
---------------------------+-------+-------++-------
  Melee: War axe           |   126 |   138 ||   264
   Stab: Sleeping          |       |     1 ||     1
 Armour: Scale mail        |    71 |    20 ||    91
         Ring mail         |       |    54 ||    54
  Dodge: Dodged            |    58 |    85 ||   143
  Block: Buckler           |    24 |    43 ||    67

Table legend: (Time is in decaauts)
 A = Elapsed time spent in this place.
 B = Non-inter-level travel time spent in this place.
 C = Inter-level travel time spent in this place.
 D = Time resting spent in this place.
 E = Time spent auto-exploring this place.
 F = Levels seen in this place.
 G = Mean time per level.
                   A        B        C        D        E       F      G
               +--------+--------+--------+--------+--------+-----+--------+
         Total |   3994 |   3851 |    143 |    124 |   2987 |   6 |  665.7 |
       Dungeon |   3961 |   3830 |    131 |    124 |   2984 |   5 |  792.2 |
        Temple |     32 |     20 |     12 |      0 |      3 |   1 |   32.0 |
               +--------+--------+--------+--------+--------+-----+--------+

Top non-repeatable levels by time:
     D:4: 1404 daAuts
     D:1: 911 daAuts
     D:2: 903 daAuts
     D:3: 705 daAuts
     D:5: 35 daAuts
  Temple: 32 daAuts
